 Dungeon Crawl Stone Soup version 0.19-a0-1513-gf6d23ed (webtiles) character file.

7 Elitist the Cutter (level 2, 0/18 HPs)
             Began as a Kobold Warper on Sept 12, 2016.
             Slain by a hobgoblin
             ... wielding a +0 club
              (3 damage)
             ... on level 1 of the Dungeon.
             The game lasted 00:01:13 (604 turns).

Elitist the Cutter (Kobold Warper)                   Turns: 604, Time: 00:01:13

Health: 0/18       AC:  3    Str:  8    XL:     2   Next: 10%
Magic:  5/5        EV: 14    Int: 14    God:
Gold:   19         SH:  0    Dex: 14    Spells: 1 memorised, 4 levels left

rFire  . . .     SeeInvis .     i - -2 dagger (curse)
rCold  . . .     Gourm    .     b - +0 leather armour
rNeg   . . .     Faith    .     (shield restricted)
rPois  .         Spirit   .     (no helmet)
rElec  .         Dismiss  .     (no cloak)
rCorr  .         Reflect  .     (no gloves)
MR     .....     Harm     .     (no boots)
Stlth  +.........               (no amulet)
                                (no ring)
                                (no ring)

@: no status effects
A: carnivore 3
a: no special abilities


You were on level 1 of the Dungeon.
You were not hungry.

You visited 1 branch of the dungeon, and saw 1 of its levels.

You collected 19 gold pieces.

Inventory:

Hand Weapons
 a - a +0 short sword
 i - a cursed -2 dagger (weapon)
Missiles
 e - 4 tomahawks of dispersal (quivered)
Armour
 b - a +0 leather armour (worn)
Scrolls
 d - a scroll of blinking
Potions
 g - a potion of cure mutation {unknown}
Books
 c - a book of Spatial Translocations

   Spells                             Type                      Level
   a - Apportation                    Translocation                1
   b - Blink                          Translocation                2
   c - Shroud of Golubria             Charms/Translocation         2
   d - Portal Projectile              Translocation                3
   e - Teleport Other                 Translocation                3
   f - Passage of Golubria            Translocation                4
Comestibles
 f - a meat ration


   Skills:
 + Level 2.6 Fighting
 + Level 3.1 Short Blades
 - Level 1.1 Throwing
 - Level 0.7 Armour
 - Level 2.4 Dodging
 - Level 2.1 Spellcasting
 - Level 3.0 Translocations


You had 4 spell levels left.
You knew the following spells:

 Your Spells              Type           Power        Failure   Level  Hunger
a - Apportation           Tloc           #.........   12%         1    #......


Dungeon Overview and Level Annotations

Branches:
Dungeon (1/15)

Altars:


Innate Abilities, Weirdness & Mutations

You are small and have problems with some larger weapons.
You are carnivorous and can eat meat at any time.


Message History

You aren't carrying any items that you can evoke.
The hobgoblin barely misses you.
You hit the hobgoblin.
The hobgoblin is lightly wounded.
The hobgoblin misses you.
You hit the hobgoblin but do no damage.
The hobgoblin is lightly wounded.
The hobgoblin hits you with a club!
* * * LOW HITPOINT WARNING * * *
Throwing (i - inventory):
e - 5 tomahawks of dispersal (quivered)
Press: ? - help, Shift-Dir - straight line, f - hobgoblin
Aim: a hobgoblin, wielding a club (lightly wounded)
You throw a tomahawk of dispersal.
The tomahawk of dispersal hits the hobgoblin.
The hobgoblin blinks!
The hobgoblin is moderately wounded.
You barely miss the hobgoblin.
The hobgoblin is moderately wounded.
The hobgoblin hits you with a club.
You die...

..# *,*.#PPP≈...........# *,*
..###*,*.#.≈P≈P≈.........# *,*
....#*.#.#P≈PPP≈.........# *,*
..#.#*...#..≈≈♣≈P.P......# *,*
..#.###..##P.P≈≈≈♣PP≈....# *,*
###......###PPP.≈≈♣≈≈.[.P#**,****
,+.......# ####P.PP♣≈≈≈P.P#*,,,,,
*#.......# ##gPP♣≈♣♣≈P≈#******
##......#######@≈PP♣♣≈≈≈..,,,,,*
#.....>...(...≈PP♣≈♣≈≈PP,,,**,*
###.....####.##PPP≈≈≈♣≈≈≈≈,,,,,,*
.)......###P.≈P.≈♣♣♣≈PPP,,,,,,***
........##≈.)≈≈≈≈≈♣≈≈.PP,,,,,,*
........##.≈≈♣P≈PPP.P...,,,,,,*
###.....##≈PP.P.≈P≈..,..,,,,,,*
#.....###...#.#.....,,,,,,,,*
####### #...#.......,,,,,,,,*


You could see a hobgoblin.

Vanquished Creatures
  A bat (D:1)
  A hobgoblin (D:1)
  A kobold (D:1)
  3 goblins (D:1)
6 creatures vanquished.

Notes
Turn   | Place    | Note
-------+----------+-------------------------------------------
     0 | D:1      | Elitist the Kobold Warper began the quest for the Orb.
     0 | D:1      | Reached XP level 1. HP: 12/12 MP: 3/3
   557 | D:1      | Reached XP level 2. HP: 7/18 MP: 5/5
   604 | D:1      | Slain by a hobgoblin

Vault maps used:
D:1:      shiori_arrival_oz, serial_bayou_lagoon_a, tso_metal_star

Skill      XL: |  1 |
---------------+----+-----
Short Blades   | 3 |  3.1
Fighting       | |  2.6
Throwing       | |  1.1
Armour         | |  0.7
Dodging        | |  2.4
Spellcasting   | |  2.1
Translocations | |  3.0

Action                   || total
-------------------------++-------
Melee: Short sword       ||    25
       Dagger            ||    23
Throw: Tomahawk          ||     1
  Use: Scroll            ||     1
  Eat: Chunk             ||     1
Armor: Leather armour    ||    10
Dodge: Dodged            ||    27
